 Dungeon Crawl Stone Soup version 0.31.0-12-g77e489cdc1 (webtiles) character file.

Game seed: 5736393167427878230

77 Marvel the Covered (level 4, 0/29 HPs)
             Began as a Gargoyle Fighter on Feb 18, 2024.
             Slain by a bombardier beetle (1 damage)
             ... on level 3 of the Dungeon.
             The game lasted 00:02:11 (1561 turns).

Marvel the Covered (Gargoyle Fighter)               Turns: 1561, Time: 00:02:12

Health: 0/29       AC: 14    Str: 21    XL:     4   Next: 34%
Magic:  4/4        EV:  7    Int:  9    God:
Gold:   130        SH: 13    Dex:  9    Spells: 3/3 levels left

rFire   + . .        a - +0 war axe
rCold   . . .        k - +2 tower shield
rNeg    + + .        i - +5 ring mail of Asisydic {rF+ rN+}
rPois   ∞            (no helmet)
rElec   +            (no cloak)
rCorr   .            (no gloves)
SInv    .            (no boots)
Will    .....        (no amulet) Stlth
                     (no ring)
HPRegen 0.24/turn    (no ring)
MPRegen 0.09/turn

%: no passive effects
@: on fire, glowing
A: sickness immunity, AC +3, negative energy resistance 1, electricity
resistance, torment resistance 1, petrification resistance
a: no special abilities


You were on level 3 of the Dungeon.
You visited 1 branch of the dungeon, and saw 3 of its levels.

You collected 130 gold pieces.

Inventory:

Hand Weapons
 a - a +0 war axe (weapon)
Armour
 b - a +0 scale mail
 c - a +0 buckler
 i - the +5 ring mail of Asisydic (worn) {rF+ rN+}
   (You found it on level 2 of the Dungeon)

   rF+:       It protects you from fire.
   rN+:       It protects you from negative energy.
 k - a +2 tower shield (worn)
Scrolls
 e - 6 scrolls of identify {unknown}
 f - 2 scrolls of fear
Potions
 d - 2 potions of might
 g - a potion of ambrosia {unknown}
 h - a potion of enlightenment {unknown}
 j - a potion of heal wounds {unknown}
 l - a potion of attraction {unknown}
 m - a potion of resistance {unknown}
 n - a potion of cancellation {unknown}


   Skills:
 + Level 3.8 Fighting
 + Level 3.0 Axes
 + Level 3.8 Armour
 + Level 3.7 Shields


You had 3 spell levels left.
You didn't know any spells.
Your spell library was empty.

Dungeon Overview and Level Annotations

Branches:
Dungeon (3/15)

Altars:


Innate Abilities, Weirdness & Mutations

You are immune to sickness and miasma.
Your stone body is resilient. (AC +3)
You are immune to poison.
You resist negative energy. (rN+)
You are resistant to electric shocks. (rElec)
You are resistant to unholy torment.
You are immune to petrification.


Message History

You are too injured to fight recklessly!
You are too injured to fight recklessly!
You are too injured to fight recklessly!
You are too injured to fight recklessly!
You are too injured to fight recklessly!
You are too injured to fight recklessly!
You are too injured to fight recklessly!
You are too injured to fight recklessly!
You are too injured to fight recklessly!
You are too injured to fight recklessly!
You are too injured to fight recklessly!
You shake off some of the fire as you move.
The liquid fire burns you!
The bombardier beetle sprays incendiary fluid at you.
The burning spray hits you.
You are even more covered in liquid fire!
You shake off some of the fire as you move.
The liquid fire burns you!
You hit the bombardier beetle.
The bombardier beetle is almost dead.
The liquid fire burns you!
The bombardier beetle bites you but does no damage.
You hit the bombardier beetle but do no damage.
The bombardier beetle is almost dead.
The liquid fire burns you!
* * * LOW HITPOINT WARNING * * *
The bombardier beetle barely misses you.
You barely miss the bombardier beetle.
The bombardier beetle is almost dead.
The liquid fire burns you!
* * * LOW HITPOINT WARNING * * *
The bombardier beetle sprays incendiary fluid at you.
The burning spray hits you.
You are even more covered in liquid fire!
You hit the bombardier beetle but do no damage.
The bombardier beetle is almost dead.
The liquid fire burns you!
* * * LOW HITPOINT WARNING * * *
The bombardier beetle bites you.
You die...

.. ..#......# #.
#.#.####.# #. #.#.#
#.# #
#.###.#.####.# ##.
##............#
....#...##.#......#
.#.......#.#####.##
........##.# #.#
.#.....@...# ##.#
#.#.##B##### #..#
.... #o #.## #.# #{
#.# .# .o #.# ## ..
#.## #. ... #..##
#. ...
.####...#####.
..'............


You could see a bombardier beetle, an orc priest and an orc.

Vanquished Creatures
  3 adders
  5 ball pythons
  4 endoplasms
  3 hobgoblins
  4 jackals (D:1)
  9 bats
  3 frilled lizards (D:2)
  7 goblins
  7 kobolds
  2 rats (D:2)
47 creatures vanquished.

Notes
Turn   | Place    | Note
-------+----------+-------------------------------------------
     0 | D:1      | Marvel the Gargoyle Fighter began the quest for the Orb.
     0 | D:1      | Reached XP level 1. HP: 14/14 MP: 1/1
   110 | D:1      | Reached XP level 2. HP: 19/19 MP: 2/2
   358 | D:1      | Reached XP level 3. HP: 23/23 MP: 3/3
   774 | D:2      | Identified the +5 ring mail of Asisydic {rF+ rN+}
  1138 | D:3      | Reached XP level 4. HP: 29/29 MP: 4/4
  1561 | D:3      | HP: 1/29 [burnt (5)]
  1561 | D:3      | Slain by a bombardier beetle

Illustrated notes

Levels and vault maps discovered:
D:1:      zelgadis_glass_arrival_small, layout_rooms
D:2:      layout_loops_ring
D:3:      layout_loops_corners

Skill      XL: |  1  2  3  4 |
---------------+-------------+-----
Axes           | 2 3 |  3.0
Fighting       | |  3.8
Armour         | |  3.8
Shields        | |  3.7

Action                     |  1- 3 |  4- 6 || total
---------------------------+-------+-------++-------
  Melee: War axe           |   101 |    61 ||   162
    Use: Scroll            |       |     1 ||     1
 Armour: Scale mail        |    90 |       ||    90
         Ring mail         |     9 |    29 ||    38
  Dodge: Dodged            |    67 |    17 ||    84
  Block: Buckler           |    35 |       ||    35
         Tower shield      |       |    47 ||    47
